 Dungeon Crawl Stone Soup version 0.30-a0-778-g2ef04afb54 (webtiles) character file.

Game seed: 15188191795402474666

7878 octoduck the Fighter (level 11, -7/140 HPs)
             Began as an Octopode Transmuter on Feb 15, 2023.
             Was a Believer of Makhleb.
             Mangled by an unseen horror (10 damage)
             ... on level 11 of the Dungeon on Feb 16, 2023.
             The game lasted 01:04:49 (18359 turns).

octoduck the Fighter (Octopode Transmuter)         Turns: 18359, Time: 01:04:49

Health: -7/140     AC:  3    Str: 13    XL:     11   Next: 22%
Magic:  21/23      EV: 14    Int: 14    God:    Makhleb [**....]
Gold:   206        SH:  0    Dex: 19    Spells: 4/14 levels left

rFire   + . .      SeeInvis .      - Unarmed
rCold   + + +      Faith    +    (shield currently unavailable)
rNeg    . . .      Spirit   .    (helmet currently unavailable)
rPois   +          Reflect  .    v - amulet of faith
rElec   .          Harm     .    a - ring of Tegin {rF++ Will+ rCorr MP+9 Int-2}
rCorr   +          Rampage  .    D - +6 ring of dexterity
Will    +....                    (no ring) Stlth
                                 (no ring)
HPRegen 0.43/turn                (no ring)
MPRegen 0.18/turn                (no ring)
                                 (no ring)
                                 (no ring)

@: berserking, ice-form, corroded, invisible, very quick
A: freezing attack, boosted hp, almost no armour, amphibious, 8 rings, large,
(camouflage 1), (gelatinous body 1), (nimble swimmer 1), (tentacles)
a: End Transformation, Renounce Religion, Minor Destruction


You were on level 11 of the Dungeon.
You worshipped Makhleb.
Makhleb was pleased with you.
You were a creature of crystalline ice.
You visited 2 branches of the dungeon, and saw 12 of its levels.
You also visited: Ossuary.

You collected 707 gold pieces.
You spent 501 gold pieces at shops.

Inventory:

Missiles
 l - 22 boomerangs
 q - 2 curare-tipped darts
 t - 20 poisoned darts (quivered)
 H - 5 boomerangs of dispersal
Armour
 i - a +2 kite shield of fire resistance
Jewellery
 a - the ring of Tegin (left front paw) {rF++ Will+ rCorr MP+9 Int-2}
   (You found it on level 7 of the Dungeon)

   [ring of magical power]

   Int:       It affects your intelligence (-2).
   rF:        It greatly protects you from fire.
   MP:        It affects your magic capacity (+9).
   rCorr:     It protects you from acid and corrosion.
   Will:      It increases your willpower.
 v - an amulet of faith (around neck)
 w - a ring of fire
 A - an amulet of regeneration
 D - a +6 ring of dexterity (right front paw)
Wands
 o - a wand of roots (2)
 x - a wand of polymorph (5)
 F - a wand of quicksilver (7)
 G - a wand of flame (21)
Scrolls
 b - 3 scrolls of enchant weapon
 d - 5 scrolls of immolation
 e - 3 scrolls of blinking
 f - a scroll of amnesia
 h - 4 scrolls of enchant armour
 n - 2 scrolls of fear
 u - 2 scrolls of teleportation
 y - a scroll of vulnerability
 B - a scroll of magic mapping
 I - a scroll of identify
Potions
 c - 3 potions of flight
 g - 2 potions of ambrosia
 j - 10 potions of curing
 k - a potion of might
 p - 2 potions of resistance
 s - a potion of haste
 C - a potion of mutation
 E - 2 potions of magic {unknown}


   Skills:
 + Level 8.3 Fighting
 - Level 8.1 Dodging
 - Level 8.1 Stealth
 + Level 6.8 Unarmed Combat
 - Level 2.0 Spellcasting
 + Level 8.2 Transmutations
 - Level 4.3 Ice Magic
 - Level 2.6 Poison Magic


You had 4 spell levels left.
You knew the following spells:

 Your Spells              Type           Power      Damage    Failure   Level
a - Beastly Appendage     Tmut           48%        N/A       1%          1
b - Wereblood             Tmut           24%        N/A       1%          2
c - Spider Form           Tmut/Pois      16%        N/A       8%          3
d - Ice Form              Ice/Tmut       19%        N/A       17%         4

Your spell library contained the following spells:

 Spells                   Type           Power      Damage    Failure   Level
 Magic Dart               Conj           4%         1d3       24%         1
 Call Imp                 Summ           1%         N/A       34%         2
 Lesser Beckoning         Tloc           2%         N/A       34%         2
 Mephitic Cloud           Conj/Pois/Air  3%         N/A       45%         3
 Gell's Gravitas          Tloc           1%         N/A       56%         3
 Inner Flame              Hex/Fire       1%         N/A       56%         3
 Teleport Other           Tloc           1%         N/A       56%         3
 Cause Fear               Hex            0%         N/A       93%         4
 Discord                  Hex            0%         N/A       100%        8


Dungeon Overview and Level Annotations

Branches:
Dungeon (11/15)            Temple (1/1) D:7             Orc (0/2) D:11
Ossuary (visited)
   Lair: D:8-11

Altars:
Ashenzari
Cheibriados
Dithmenos
Elyvilon
Fedhas
Gozag
Hepliaklqana
Kikubaaqudgha
Makhleb
Okawaru
Qazlal
Ru
Sif Muna
Trog
Uskayaw
Vehumet
Wu Jian
Xom
Yredelemnul
Zin
The Shining One

Shops:
D:3 !   D:10 [   D:11 !

Annotations:
D:1 2 transporters
D:9 exclusions: tengu warrior and upstairs
D:11 1 runed translucent door, exclusions: acid dragon and wizard


Innate Abilities, Weirdness & Mutations

You are a creature of crystalline ice.
You have a powerful freezing melee attack.
Your maximum health is increased.
Your armour is entirely melded.
You are incapable of wielding weapons or throwing items.
You cannot wear most types of armour.
You are amphibious.
You can wear up to eight rings at the same time.
((Your skin changes colour to match your surroundings (Stealth+).))
((Your rubbery body absorbs attacks. (AC +1, EV +1)))
((You are camouflaged when in or above water. (Stealth+)))
((You have tentacles for arms and can constrict up to eight enemies at once.))


Message History

You hit the troll. You freeze the troll.
The troll is severely wounded.
The troll barely misses you. The troll closely misses you. The troll claws you!
You punch the troll! You freeze the troll.
You kill the troll!
Makhleb accepts your kill.
You feel better. The acid dragon barely misses you. x2
You punch the acid dragon! You freeze the acid dragon.
The acid dragon is moderately wounded.
You hit the acid dragon but do no damage.
The acid dragon is moderately wounded.
The acid dragon misses you. The acid dragon claws you.
You barely miss the acid dragon.
The acid dragon is moderately wounded.
Something hits you.
* * * LOW HITPOINT WARNING * * *
Deactivating autopickup; reactivate with Ctrl-A.
The acid dragon spits acid at you. The splash of acid hits you! You resist.
* * * LOW HITPOINT WARNING * * *
You fade into invisibility!
Something hits you.
* * * LOW HITPOINT WARNING * * *
The acid dragon bites you.
* * * LOW HITPOINT WARNING * * *
The acid dragon claws you but does no damage.
A red film seems to cover your vision as you go berserk!
You feel yourself moving faster!
You feel mighty! Something hits you.
* * * LOW HITPOINT WARNING * * *
The acid dragon closely misses you. The acid dragon misses you.
You barely miss the acid dragon.
The acid dragon is moderately wounded.
Something hits you but does no damage. Something barely misses you.
The acid dragon barely misses you. The acid dragon claws you.
* * * LOW HITPOINT WARNING * * *
You pummel the acid dragon!! You freeze the acid dragon!
You kill the acid dragon!
Makhleb accepts your kill. Something hits you!
You die...

#. #..##.....####...~~~~~##
# #..###..##.....#
#.......~~####
#.).....##.....#
#.......##..##
#.###...##.....#
#.......##..## #...##.##..#
#.......##..## #...##.##..#
#.......##..## #...##.##..#
#.>.....###'##
#......##..####.......# +∩'.
#......##..Y..........# #+##
#......##.............# #
#......##........##...# #
#.# #......##........##...#
# #.#
#......##........##...##..##
#.#
#......##........##...##..##
#.#
#......##........##...##..##
#.#
#......##........##...##..##
#.# #......##.. #...##..##


There were no monsters in sight!

Vanquished Creatures
  3 two-headed ogres
  Psyche (D:8)
  A troll (D:11)
  Prince Ribbit (D:8)
  Sigmund (D:6)
  A shadow (D:11)
  A wraith (D:9)
  4 yaks (D:10)
  Eustachio (D:6)
  2 steam dragons
  2 vampire mosquitoes
  2 acid dragons (D:11)
  A water moccasin (D:7)
  2 black bears
  3 sky beasts
  3 orc warriors
  A swamp drake (D:11)
  2 ice beasts
  A centaur (D:8)
  2 ogres
  A phantom (D:6)
  3 kobold brigands
  3 bullfrogs
  5 scorpions
  3 wights (D:8)
  4 killer bees (D:8)
  4 howler monkeys
  5 hounds
  3 orc priests
  2 jellies
  Crazy Yiuf (D:6)
  2 gnoll boudas
  8 orc wizards
  4 mummies (Ossuary)
  7 gnolls
  14 adders
  A shadow imp (D:6)
  A white imp (D:8)
  An ufetubus (D:7)
  A worm (D:2)
  A dart slug (D:4)
  30 orcs
  2 bats (D:2)
  6 endoplasms
  4 giant cockroaches
  A gnoll zombie (Ossuary)
  11 goblins
  2 hobgoblins
  2 quokkas
  6 ball pythons
  3 frilled lizards (D:1)
  2 goblin zombies (Ossuary)
  3 hobgoblin zombies
  15 kobolds
  3 orc zombies (Ossuary)
  5 rats
204 creatures vanquished.

Vanquished Creatures (collateral kills)
  A vampire mosquito (D:9)
1 creature vanquished.

Vanquished Creatures (others)
  A howler monkey (D:11)
  4 plants (D:4)
5 creatures vanquished.

Grand Total: 210 creatures vanquished

Notes
Turn   | Place    | Note
-------+----------+-------------------------------------------
     0 | D:1      | octoduck the Octopode Transmuter began the quest for the
                  | Orb.
     0 | D:1      | Reached XP level 1. HP: 13/13 MP: 3/3
   176 | D:1      | Reached skill level 1 in Stealth
   248 | D:1      | Reached XP level 2. HP: 18/18 MP: 5/5
   408 | D:1      | Learned a level 2 spell: Wereblood
  1160 | D:2      | Reached XP level 3. HP: 23/23 MP: 3/6
  2293 | D:3      | Found a sacrificial altar of Ru.
  2474 | D:3      | Found Fets's Distillery.
  2482 | D:3      | Bought a potion of curing for 39 gold pieces
  2482 | D:3      | Bought a potion of heal wounds for 65 gold pieces
  2482 | D:3      | Bought a potion of might for 52 gold pieces
  2513 | D:3      | Found a blossoming altar of Fedhas.
  2692 | D:3      | Reached XP level 4. HP: 27/28 MP: 3/7
  3056 | D:4      | Found a sand-covered staircase.
  3062 | Ossuary  | Entered an ossuary
  3399 | Ossuary  | Reached XP level 5. HP: 33/33 MP: 5/8
  3557 | D:4      | Noticed a black bear
  4462 | D:5      | Entered Level 5 of the Dungeon
  4557 | D:5      | Reached XP level 6. HP: 29/38 MP: 7/9
  4638 | D:5      | Noticed an ice beast
  4655 | D:5      | Noticed a steam dragon
  5518 | D:6      | Noticed Eustachio
  5906 | D:5      | Reached skill level 5 in Stealth
  5947 | D:6      | Noticed a sky beast
  5947 | D:6      | Noticed a black bear
  5954 | D:6      | Killed a black bear
  5955 | D:6      | Reached skill level 5 in Dodging
  5955 | D:6      | Reached XP level 7. HP: 43/43 MP: 8/10
  6189 | D:6      | Killed Eustachio
  6190 | D:6      | Reached XP level 8. HP: 25/48 MP: 11/11
  8418 | D:6      | Noticed Sigmund
  8427 | D:6      | Killed Sigmund
  8765 | D:6      | Found a runed translucent door.
  8766 | D:6      | Noticed Crazy Yiuf
  8781 | D:6      | Killed Crazy Yiuf
  8782 | D:6      | Reached skill level 5 in Unarmed Combat
  8782 | D:6      | Reached XP level 9. HP: 17/56 MP: 12/12
  9053 | D:3      | Bought a potion of invisibility for 104 gold pieces
  9053 | D:3      | Bought a potion of heal wounds for 65 gold pieces
  9751 | D:7      | Found a staircase to the Ecumenical Temple.
  9761 | Temple   | Entered the Ecumenical Temple
  9848 | Temple   | Became a worshipper of Makhleb the Destroyer
 10369 | D:7      | Learned a level 3 spell: Spider Form
 10620 | D:7      | Identified the ring of Tegin {rF++ Will+ rCorr MP+9 Int-2}
 11406 | D:8      | Learned a level 4 spell: Ice Form
 11487 | D:8      | Noticed a two-headed ogre
 11494 | D:8      | You fall into a shaft and drop 2 floors!
 11494 | D:10     | Entered Level 10 of the Dungeon
 11831 | D:10     | Found Ceitaed's Armour Boutique.
 12012 | D:8      | Noticed Prince Ribbit
 12049 | D:8      | Found a shadowy altar of Dithmenos.
 12459 | D:8      | Noticed Psyche
 12761 | D:9      | Noticed a troll
 12761 | D:9      | Noticed a boulder beetle
 12761 | D:9      | Noticed a tengu warrior
 12761 | D:9      | Noticed a deep elf pyromancer
 12773 | D:9      | Reached skill level 5 in Fighting
 12773 | D:9      | Reached skill level 1 in Poison Magic
 12786 | D:9      | Reached skill level 5 in Transmutations
 14131 | D:10     | Reached skill level 1 in Ice Magic
 14254 | D:10     | Reached XP level 10. HP: 56/68 MP: 13/13
 14762 | D:11     | Noticed a two-headed ogre
 14788 | D:10     | Killed a two-headed ogre
 15188 | D:11     | Found a runed translucent door.
 15283 | D:11     | Noticed a two-headed ogre
 15312 | D:11     | Noticed a two-headed ogre
 15315 | D:11     | Noticed a cyclops
 15391 | D:11     | Reached * piety under Makhleb
 15520 | D:11     | Found a staircase to the Orcish Mines.
 16097 | D:9      | Found a stormy altar of Qazlal.
 16128 | D:9      | Noticed a boulder beetle
 16639 | D:8      | Killed a two-headed ogre
 16804 | D:8      | Killed Psyche
 16861 | D:8      | Killed Prince Ribbit
 17106 | D:8      | Reached XP level 11. HP: 76/76 MP: 14/14
 17268 | D:8      | Found a broken altar of Ashenzari.
 17381 | D:8      | Reached ** piety under Makhleb
 17844 | D:11     | Noticed a wizard
 18071 | D:11     | Found Fuvonie's Distillery.
 18074 | D:11     | Bought a potion of resistance for 110 gold pieces
 18074 | D:11     | Bought a potion of curing for 33 gold pieces
 18074 | D:11     | Bought a potion of curing for 33 gold pieces
 18144 | D:11     | Killed a two-headed ogre
 18330 | D:11     | Noticed a wizard
 18357 | D:11     | HP: 5/140 [something (4)]
 18359 | D:11     | Mangled by an unseen horror

Illustrated notes

Levels and vault maps discovered:
D:1:      spicycebolla_arrival_transporter_tutorial, layout_basic,
          kennysheep_decorative_pillar, nicolae_concentric_dashed_squares_wild,
          corexii_hall_statues_deadend, wander_ebering_terrifying_dragon_lair
D:2:      layout_loops_ring
D:3:      layout_basic, nicolae_ru_awakened_eye, fedhas_altar_2, serial_shops,
          shop
D:4:      layout_basic, serial_forest, infiniplex_forest_straight_2,
          infiniplex_forest_lined_2, infiniplex_forest_pool,
          infiniplex_forest_split, infiniplex_forest_clump_small,
          enter_ossuary_3
D:5:      layout_basic, serial_glass, glass_columns_a, glass_columns_a,
          glass_columns_c, glass_columns_a, glass_columns_a, glass_columns_a
D:6:      layout_rooms, uniq_eustachio, uniq_crazy_yiuf_cottage, uniq_sigmund
D:7:      layout_layer_cave, temple_pool_b
D:8:      layout_rooms, lemuel_coloured_pillars_altar,
          mainiacjoe_overflow_tiny_flanked, uniq_psyche, uniq_prince_ribbit1
D:9:      layout_roguey, lemuel_tele_altar, hellmonk_lair_entry_icy,
          minmay_the_grid_2x2 [minmay_the_grid_outer_diamond,
          minmay_the_grid_mess, minmay_the_grid_odd_star,
          minmay_the_grid_prize_big_room]
D:10:     layout_stronghold, serial_shops, shop, lemuel_flame_loot_1
D:11:     minmay_smoke_and_mirrors, layout_long_grid, erik_orc_1, serial_shops,
          nicolae_shop_behind_doors, lightli_airlock
Temple:   nicolae_temple_bog_church

Skill      XL: |  1  2  3  4  5  6  7  8  9 10 11 |
---------------+----------------------------------+-----
Stealth        | 1 2 3 4 5 7 8 |  8.1
Dodging        | 3 4 5 6 7 8 |  8.1
Transmutations | 3 5 7 8 |  8.2
Unarmed Combat | 5 6 |  6.8
Fighting       | 3 5 7 8 |  8.3
Poison Magic   | 2 |  2.6
Ice Magic      | 1 4 |  4.3
Spellcasting   | |  2.0

Action                     |  1- 3 |  4- 6 |  7- 9 | 10-12 || total
---------------------------+-------+-------+-------+-------++-------
  Melee: Unarmed           |    76 |    99 |   263 |   224 ||   662
         Constrict         |    16 |    28 |    34 |    13 ||    91
         Kick              |    15 |    41 |    51 |     3 ||   110
         Tentacles         |    11 |    30 |    53 |    19 ||   113
         Punch             |     1 |     4 |    10 |     2 ||    17
  Throw: Dart              |       |     2 |    10 |     1 ||    13
   Cast: Beastly Appendage |    32 |    30 |    38 |     1 ||   101
         Wereblood         |     1 |     1 |     3 |     1 ||     6
         Spider Form       |       |       |     5 |    11 ||    16
         Ice Form          |       |       |       |    13 ||    13
    Use: Scroll            |     5 |     5 |     7 |     5 ||    22
         Potion            |       |     3 |     8 |     4 ||    15
   Stab: Sleeping          |    12 |    13 |    13 |     2 ||    40
         Invisible         |       |     1 |       |       ||     1
 Armour: Skin              |     5 |     6 |    17 |    12 ||    40
  Dodge: Dodged            |    27 |    44 |   187 |   196 ||   454

Table legend: (Time is in decaauts)
 A = Elapsed time spent in this place.
 B = Non-inter-level travel time spent in this place.
 C = Inter-level travel time spent in this place.
 D = Time resting spent in this place.
 E = Time spent auto-exploring this place.
 F = Levels seen in this place.
 G = Mean time per level.
                   A        B        C        D        E       F      G
               +--------+--------+--------+--------+--------+-----+--------+
         Total |  18362 |  15850 |   2512 |   5381 |   5081 |  13 | 1412.5 |
       Dungeon |  17812 |  15333 |   2479 |   5202 |   5020 |  11 | 1619.3 |
        Temple |    111 |     78 |     33 |      0 |     61 |   1 |  111.0 |
       Ossuary |    438 |    438 |      0 |    179 |      0 |   1 |  438.0 |
               +--------+--------+--------+--------+--------+-----+--------+

Top non-repeatable levels by time:
     D:5: 2585 daAuts
    D:10: 2417 daAuts
     D:4: 1880 daAuts
     D:7: 1791 daAuts
     D:8: 1751 daAuts
    D:11: 1652 daAuts
     D:6: 1384 daAuts
     D:2: 1288 daAuts
     D:1: 1181 daAuts
     D:9: 957 daAuts
     D:3: 922 daAuts
 Ossuary: 438 daAuts
  Temple: 111 daAuts
